 Dungeon Crawl Stone Soup version 0.27.1-1-g398f81649c (webtiles) character file.

Game seed: 6894265861896246313

18 Thatpatchoflichen the Chopper (level 2, -1/27 HPs)
             Began as a Hill Orc Monk on Sept 6, 2021.
             Slain by Jessica (4 damage)
             ... on level 2 of the Dungeon.
             The game lasted 00:01:24 (1306 turns).

Thatpatchoflichen the Chopper (Hill Orc Monk)       Turns: 1306, Time: 00:01:25

Health: -1/27      AC:  5    Str: 13    XL:     2   Next: 70%
Magic:  2/2        EV: 11    Int: 10    God:
Gold:   27         SH:  0    Dex: 13    Spells: 1/1 levels left

rFire    . . .     SeeInvis .   a - +0 hand axe
rCold    . . .     Faith    +   (no shield)
rNeg     . . .     Spirit   .   c - +0 ring mail
rPois    .         Reflect  .   (no helmet)
rElec    .         Harm     .   (no cloak)
rCorr    .         Rampage  .   (no gloves)
Will     .....                  (no boots)
Stlth    +.........             b - amulet of faith
HPRegen  0.09/turn              (no ring)
MPRegen  0.08/turn              (no ring)

@: no status effects
A: no striking features
a: no special abilities


You were on level 2 of the Dungeon.
You visited 1 branch of the dungeon, and saw 2 of its levels.

You collected 27 gold pieces.

Inventory:

Hand Weapons
 a - a +0 hand axe (weapon)
Armour
 c - a +0 ring mail (worn)
Jewellery
 b - an amulet of faith (around neck)
Scrolls
 d - 2 scrolls of fog {unknown}
Potions
 e - 2 potions of heal wounds {unknown}
 f - a potion of mutation {unknown}
 g - a potion of curing {unknown}


   Skills:
 + Level 4.0 Fighting
 - Level 4.0 Axes
 + Level 1.2 Armour
 + Level 2.7 Dodging
 - Level 1.5 Stealth


You had one spell level left.
You didn't know any spells.
Your spell library was empty.

Dungeon Overview and Level Annotations

Branches:
Dungeon (2/15)

Altars:

Annotations:
D:2 Jessica


Message History

You hit the quokka.
The quokka bites you but does no damage.
Jessica hits you with a +0 club.
You hit Jessica but do no damage.
Jessica is heavily wounded.
You hit the quokka.
You kill the quokka!
Jessica mumbles some strange words.
Jessica blinks!
Jessica hits you with a +0 club.
You hit Jessica.
Jessica is heavily wounded.
Jessica points at you and mumbles some strange words.
Pain shoots through your body!
You closely miss Jessica.
Jessica is heavily wounded.
Jessica looks very angry.
Jessica hits you with a +0 club.
You hit Jessica but do no damage.
Jessica is heavily wounded.
Jessica barely misses you.
You barely miss Jessica.
Jessica is heavily wounded.
Jessica gestures wildly while chanting.
Jessica seems to speed up.
You hit Jessica.
Jessica is severely wounded.
Jessica hits you with a +0 club.
* * * LOW HITPOINT WARNING * * *
Jessica hits you with a +0 club.
* * * LOW HITPOINT WARNING * * *
You barely miss Jessica.
Jessica is severely wounded.
Jessica casts a spell.
Jessica blinks!
There is an open door here.
You hit Jessica but do no damage.
Jessica is severely wounded.
Jessica hits you with a +0 club.
You die...

##.### #.# #....## #.#
##.+#..# #.### ##.[....#
#...# #.......## #####.#
...#####..## ##.###.#
#..##?!.##..###......#####
....#.....#...............#
##. #.[..@@..###.......##.#
#.$...#..# ##......##.#
##...##..# ##....###.# ####
..## #........# .##
###.###### .# #.# # #.# #.#
#########.#


You could see Jessica (fast).

Vanquished Creatures
  A worm (D:2)
  A dart slug (D:1)
  2 endoplasms (D:1)
  A giant cockroach (D:1)
  A goblin (D:1)
  A hobgoblin (D:1)
  A quokka (D:2)
  3 ball pythons (D:1)
  2 bats (D:1)
  A rat (D:1)
14 creatures vanquished.

Notes
Turn   | Place    | Note
-------+----------+-------------------------------------------
     0 | D:1      | Thatpatchoflichen the Hill Orc Monk began the quest for the
                  | Orb.
     0 | D:1      | Reached XP level 1. HP: 19/19 MP: 1/1
   327 | D:1      | Reached XP level 2. HP: 17/27 MP: 2/2
   784 | D:1      | Reached skill level 1 in Armour
  1292 | D:2      | Noticed Jessica
  1306 | D:2      | Slain by Jessica

Illustrated notes

Levels and vault maps discovered:
D:1:      dpeg_arrival_chambers_temple_mockup, layout_basic,
          chequers_decorated_corner
D:2:      layout_loops_corners, kennysheep_jessica_study

Skill      XL: |  1  2 |
---------------+-------+-----
Armour         | 1 |  1.2
Fighting       | 4 |  4.0
Axes           | |  4.0
Dodging        | |  2.7
Stealth        | |  1.5

Action                   || total
-------------------------++-------
Melee: Hand axe          ||    45
 Stab: Sleeping          ||     1
Armor: Robe              ||     3
       Ring mail         ||     9
Dodge: Dodged            ||    21
